 Dungeon Crawl Stone Soup version 0.16.1-2-g95b8d4c (webtiles) character file.

156 Chiseanne the Caller (level 5, 37/37 HPs)
             Began as a Formicid Summoner on Mar 26, 2015.
             Was an Initiate of Kikubaaqudgha.
             Quit the game on level 4 of the Dungeon.
             The game lasted 00:20:24 (5157 turns).

Chiseanne the Caller (Formicid Summoner)            Turns: 5157, Time: 00:20:24

Health: 37/37      AC:  6    Str: 12    XL:     5   Next: 64%
Magic:  14/23      EV:  9    Int: 16    God:    Kikubaaqudgha [......]
Gold:   139        SH:  0    Dex: 11    Spells: 3 memorised, 5 levels left

rFire  . . .     SeeInvis +     e - +0 hand axe
rCold  . . .     Clarity  .     o - +0 leather armour
rNeg   . . .     SustAb   .     (no shield)
rPois  .         Gourm    .     (helmet unavailable)
rElec  .         Spirit   .     i - +2 cloak
rCorr  .         Warding  .     (no gloves)
rMut   .         Stasis   +     (no boots)
MR     .....                    (no amulet)
Stlth  ++........               m - ring of magical power
                                h - -2 ring of evasion

@: very slightly contaminated, not resistant to hostile enchantments, unstealthy
A: permanent stasis, dig shafts and tunnels, four strong arms, antennae 3
a: Dig, Shaft Self, Renounce Religion


You were on level 4 of the Dungeon.
You worshipped Kikubaaqudgha.
Kikubaaqudgha was noncommittal.
You were near starving.

You visited 1 branch of the dungeon, and saw 4 of its levels.

You collected 139 gold pieces.

Inventory:

Hand weapons
 e - a +0 hand axe (weapon)
Missiles
 a - 8 sling bullets
 f - 17 poisoned bolts
 g - 4 tomahawks (quivered)
 p - 11 arrows
 r - 8 poisoned needles
Armour
 i - a +2 cloak (worn)
 o - a +0 leather armour (worn)
Jewellery
 c - a +4 ring of evasion
 h - a -2 ring of evasion (left hand)
 m - a ring of magical power (right hand)
Scrolls
 n - a scroll of fog
 u - a scroll of remove curse
Potions
 j - a potion of heal wounds
 l - a potion of curing
 s - a potion of magic
Books
 b - a book of Callings

   Spells                             Type                      Level
   a - Summon Small Mammal            Summoning                    1
   b - Call Imp                       Summoning                    2
   c - Call Canine Familiar           Summoning                    3
   d - Summon Guardian Golem          Hexes/Summoning              4
   e - Summon Lightning Spire         Summoning/Air                4
   f - Summon Ice Beast               Ice/Summoning                4
Comestibles
 d - a meat ration
 t - a bread ration


   Skills:
 * Level 1.4 Fighting
 * Level 0.7 Armour
 - Level 1.7 Dodging
 - Level 2.4 Stealth
 * Level 3.7 Spellcasting
 * Level 5.3 Summonings


You had 5 spell levels left.
You knew the following spells:

 Your Spells              Type           Power        Failure   Level  Hunger
a - Summon Small Mammal   Summ           ###.         2%          1    None
b - Call Imp              Summ           ###.....     4%          2    ##.....
c - Call Canine Familiar  Summ           ###.....     10%         3    ###....


Dungeon Overview and Level Annotations

Branches:
Dungeon (4/15)
 Temple: D:4-7

Altars:
Dithmenos
Kikubaaqudgha
Qazlal
Sif Muna
Trog
Vehumet
Xom


Innate Abilities, Weirdness & Mutations

You are under a permanent stasis effect.
You can dig through walls and to a lower floor.
Your four strong arms can wield two-handed weapons with a shield.
You have a pair of large antennae on your head (SInv).


Message History

You hear strange voices.
Casting: Call Canine Familiar
Confirm with . or Enter, or press ? or * to list all spells.
Your hound bites the worm.
Casting: Call Canine Familiar
Confirm with . or Enter, or press ? or * to list all spells.
A beastly little devil appears in a puff of flame.
Your hound bites the worm.
The worm bites your hound!
Your hound bites the worm.
Your hound barely misses the worm.
Your crimson imp blinks!
Casting: Call Imp
Confirm with . or Enter, or press ? or * to list all spells.
A beastly little devil appears in a puff of flame.
Your hound bites the worm. x2
Your crimson imp blinks!
Your hound bites the worm.
The worm dies!
Kikubaaqudgha accepts your kill.
Are you sure you want to abandon this character and quit the game? (Confirm with "yes".)

#. #. ## #. ..
#$# .# # #.. .#
#.##.#######.#
#....5..h5.<.#
#.....@..##
#.######.# #.
###.####... #.
#a..........
#.####.#########
#....<.#
########


You could see a friendly hound and 2 friendly crimson imps.

Vanquished Creatures
  A worker ant (D:4)
  An ufetubus (D:3)
  2 bats (D:1)
  A bat skeleton (D:4)
  A ball python (D:1)
  2 giant newts
  6 rats
14 creatures vanquished.

Vanquished Creatures (collateral kills)
  An ice beast (D:3)
  4 adders (D:3)
  A giant mite (D:1)
  3 worms
  2 giant geckos
  An ooze (D:2)
  An orc (D:2)
  5 bats
  3 giant cockroaches (D:2)
  9 goblins
  5 hobgoblins
  7 jackals
  9 kobolds
  3 quokkas
  A ball python (D:2)
  2 giant newts (D:2)
  6 rats
63 creatures vanquished.

Vanquished Creatures (others)
  6 crimson imps
  4 hounds (D:3)
  A white imp (D:2)
  2 quokkas
  6 bats
  4 rats
23 creatures vanquished.

Grand Total: 100 creatures vanquished

Notes
Turn   | Place    | Note
--------------------------------------------------------------
     0 | D:1      | Chiseanne, the Formicid Summoner, began the quest for the Orb.
     0 | D:1      | Reached XP level 1. HP: 13/13 MP: 3/3
   876 | D:2      | Reached XP level 2. HP: 10/19 MP: 0/5
  1125 | D:2      | Learned a level 2 spell: Call Imp
  1742 | D:2      | Reached XP level 3. HP: 24/24 MP: 1/7
  1917 | D:1      | Learned a level 3 spell: Call Canine Familiar
  3525 | D:2      | Reached XP level 4. HP: 30/30 MP: 10/10
  3595 | D:2      | Found a deep blue altar of Sif Muna.
  3601 | D:2      | Became a worshipper of Sif Muna the Loreminder
  4237 | D:3      | Noticed an ice beast
  4627 | D:3      | Found a shimmering altar of Xom.
  4627 | D:3      | Found an ancient bone altar of Kikubaaqudgha.
  4635 | D:3      | Found a shadowy altar of Dithmenos.
  4647 | D:3      | Found a radiant altar of Vehumet.
  4650 | D:3      | Found a bloodstained altar of Trog.
  4657 | D:3      | Found a stormy altar of Qazlal.
  4680 | D:3      | Fell from the grace of Sif Muna
  4680 | D:3      | Became a worshipper of Kikubaaqudgha
  4778 | D:3      | Killed an ice beast
  4778 | D:3      | Reached skill level 5 in Summonings
  4778 | D:3      | Reached XP level 5. HP: 36/36 MP: 2/14
  4985 | D:4      | Reached skill level 1 in Fighting
  5157 | D:4      | Quit the game

Action                   |  1- 3 |  4- 6 || total
-------------------------+-------+-------++-------
Melee: Hand axe          |    53 |    33 ||    86
 Cast: Summon Small Mamm |    30 |     4 ||    34
       Call Imp          |    38 |    28 ||    66
       Call Canine Famil |    13 |    13 ||    26
 Abil: Dig               |    75 |    24 ||    99
  Use: Scroll            |     6 |     4 ||    10
       Potion            |     2 |     2 ||     4
 Stab: Sleeping          |       |     2 ||     2
  Eat: Chunk             |    18 |    12 ||    30
       Bread ration      |     2 |       ||     2
